 Dungeon Crawl Stone Soup version 0.31.0-11-ge490571c62 (webtiles) character file.

Game seed: 8972706929381493474

5 Buffagor the Covered (level 1, -5/18 HPs)
             Began as a Barachi Fighter on Jan 27, 2024.
             Engulfed by a cloud of flame (23 damage)
             ... on level 1 of the Dungeon.
             The game lasted 00:01:11 (220 turns).

Buffagor the Covered (Barachi Fighter)               Turns: 220, Time: 00:01:12

Health: -5/18      AC:  6    Str: 17    XL:     1   Next: 80%
Magic:  1/1        EV:  9    Int:  8    God:
Gold:   15         SH:  4    Dex: 11    Spells: 0/0 levels left

rFire   . . .        a - +0 long sword
rCold   . . .        c - +0 buckler
rNeg    . . .        b - +0 scale mail
rPois   .            (no helmet)
rElec   .            (no cloak)
rCorr   .            (no gloves)
SInv    .            (no boots)
Will    .....        (no amulet) Stlth
                     (no ring)
HPRegen 0.23/turn    (no ring)
MPRegen 0.07/turn

%: no passive effects
@: slow
A: amphibious, slowness 1, strong legs 1, +LOS
a: Hop


You were on level 1 of the Dungeon.
You visited 1 branch of the dungeon, and saw 1 of its levels.

You collected 15 gold pieces.

Inventory:

Hand Weapons
 a - a +0 long sword (weapon)
Armour
 b - a +0 scale mail (worn)
 c - a +0 buckler (worn)
Talismans
 f - a serpent talisman
Scrolls
 e - a scroll of butterflies {unknown}
Potions
 d - a potion of might


   Skills:
 - Level 3.6 Fighting
 + Level 3.1 Long Blades
 - Level 3.6 Armour
 - Level 3.2 Shields


You couldn't memorise any spells.
You didn't know any spells.
Your spell library contained the following spells:

 Spells                   Type           Power      Damage    Failure   Level
 Hailstorm                Conj/Ice       0%         3d5       99%         3
 Summon Ice Beast         Ice/Summ       0%         N/A       99%         3
 Sculpt Simulacrum        Ice/Alch       0%         N/A       100%        6


Dungeon Overview and Level Annotations

Branches:
Dungeon (1/15)

Altars:


Innate Abilities, Weirdness & Mutations

You are amphibious.
You cover ground slowly.
You can hop short distances.
You have an extended range of vision and can be seen from far away.


Message History

A kobold is nearby!
You barely miss the kobold. You block the kobold's attack.
You closely miss the kobold. You block the kobold's attack.
You barely miss the kobold. The kobold hits you but does no damage.
You block the kobold's attack.
You closely miss the kobold. The kobold barely misses you.
You slash the kobold!
You kill the kobold!
A ball python comes into view.
You block the ball python's attack. The ball python barely misses you.
The ball python bites you. The ball python closely misses you.
You slash the ball python!
You kill the ball python!
Your Long Blades skill increases to level 3!
You see here a ball python corpse.
A kobold comes into view. It is wielding a +0 club.
The kobold hits you with a +0 club.
You barely miss the kobold.
The kobold hits you but does no damage. x2
You closely miss the kobold. The kobold barely misses you.
You closely miss the kobold. The kobold hits you but does no damage.
You hit the kobold.
The kobold is severely wounded.
The kobold hits you with a +0 club.
You miss the kobold.
The kobold is severely wounded.
The kobold barely misses you. x2
You closely miss the kobold.
The kobold is severely wounded.
You block the kobold's attack.
You hit the kobold.
You kill the kobold!
You see here a +0 club.
You pick up a book of the Tundra and begin reading...
You add the spells Hailstorm, Summon Ice Beast and Sculpt Simulacrum to your library.
Okay, then.
A gnoll comes into view. It is wielding a +0 club.
The gnoll shouts!
You are engulfed in blazing flames.
Ouch! That really hurt!
You die...

.... #..### # #....##
#○ #.....# #°○
#.##..#
##...#####g.#..#
§.?...☼○☼.#.#..# #..
....$.§§§......# ...
§..?..§§@......# ..#
##...#####.#.#.#
####.# #☼§§# ####..#
...#.# #○°.# #.#.#)#
...#.# #○§.# ##.##.#
...#.#####...#
#.....#
.†.#.##[###.###
##.####
...#.##.......# #.#
#.......#)###.#####.#


You could see a gnoll.

Vanquished Creatures
  3 ball pythons (D:1)
  A frilled lizard (D:1)
  3 kobolds (D:1)
7 creatures vanquished.

Notes
Turn   | Place    | Note
-------+----------+-------------------------------------------
     0 | D:1      | Buffagor the Barachi Fighter began the quest for the Orb.
     0 | D:1      | Reached XP level 1. HP: 18/18 MP: 1/1
   220 | D:1      | Engulfed by a cloud of flame

Illustrated notes

Levels and vault maps discovered:
D:1:      minmay_arrival_plants_in_alcoves, layout_loops_cross,
          lemuel_flame_loot_1

Skill      XL: |  1 |
---------------+----+-----
Long Blades    | 3 |  3.1
Fighting       | |  3.6
Armour         | |  3.6
Shields        | |  3.2

Action                     || total
---------------------------++-------
  Melee: Long sword        ||    27
 Armour: Scale mail        ||    19
  Dodge: Dodged            ||    13
  Block: Buckler           ||    10
